 Dungeon Crawl Stone Soup version 0.30-a0-4-ga7cffc901d (webtiles) character file.

Game seed: 11348085229376775512

87 SensoryNuts the Trooper (level 4, -2/40 HPs)
             Began as a Draconian Fighter on Aug 21, 2022.
             Killed from afar by Natasha (6 damage)
             ... with a magic dart
             ... on level 2 of the Dungeon.
             The game lasted 00:01:28 (1358 turns).

SensoryNuts the Trooper (Draconian Fighter)         Turns: 1358, Time: 00:01:29

Health: -2/40      AC:  5    Str: 20    XL:     4   Next: 28%
Magic:  4/4        EV: 12    Int:  9    God:
Gold:   104        SH:  4    Dex: 10    Spells: 3/3 levels left

rFire   . . .      SeeInvis .    a - +0 war axe
rCold   . . .      Faith    .    b - +0 buckler
rNeg    . . .      Spirit   .    (body armour unavailable)
rPois   .          Reflect  .    (helmet restricted)
rElec   .          Harm     .    (no cloak)
rCorr   .          Rampage  .    (no gloves)
Will    .....                    (no boots)
Stlth   +.........               (no amulet)
HPRegen 0.13/turn                (no ring)
MPRegen 0.09/turn                (no ring)

@: mighty
A: AC +5, unfitting armour, cold-blooded
a: no special abilities


You were on level 2 of the Dungeon.
You visited 1 branch of the dungeon, and saw 2 of its levels.

You collected 104 gold pieces.

Inventory:

Hand Weapons
 a - a +0 war axe (weapon)
Armour
 b - a +0 buckler (worn)
Jewellery
 g - an amulet of the acrobat
Scrolls
 d - 2 scrolls of vulnerability {unknown}
 e - a scroll of immolation {unknown}
 f - a scroll of enchant weapon {unknown}
 i - a scroll of enchant armour {unknown}
 j - a scroll of identify {unknown}
 k - a scroll of acquirement {unknown}
 l - a scroll of blinking {unknown}
Potions
 h - a potion of magic


   Skills:
 + Level 3.6 Fighting
 * Level 3.5 Axes
 + Level 3.1 Dodging
 + Level 0.1 Stealth
 + Level 3.3 Shields


You had 3 spell levels left.
You didn't know any spells.
Your spell library was empty.

Dungeon Overview and Level Annotations

Branches:
Dungeon (2/15)

Altars:
Nemelex Xobeh

Annotations:
D:2 Natasha


Innate Abilities, Weirdness & Mutations

Your plain brown scales are hard. (AC +5)
You cannot fit into any form of body armour.
You are cold-blooded and may be slowed by cold attacks.


Message History

You closely miss Natasha.
Natasha is moderately wounded.
You closely miss the adder.
You feel sick. Natasha claws you.
* * * LOW HITPOINT WARNING * * *
The adder bites you.
* * * LOW HITPOINT WARNING * * *
Natasha claws you but does no damage. You block the adder's attack.
You closely miss Natasha.
Natasha is moderately wounded.
You miss the adder.
You feel sick.
You are no longer poisoned.
The adder bites you.
* * * LOW HITPOINT WARNING * * *
Natasha barely misses you. The adder bites you but does no damage.
You closely miss Natasha.
Natasha is moderately wounded.
You closely miss the adder. Natasha closely misses you.
The adder bites you but does no damage.
Natasha stares at you and mumbles some strange words.
You resist with some effort.
You barely miss Natasha.
Natasha is moderately wounded.
You slash the adder!
The adder bites you but does no damage. x2
Natasha closely misses you.
You closely miss Natasha.
Natasha is moderately wounded.
You barely miss the adder. The adder barely misses you. Natasha claws you.
* * * LOW HITPOINT WARNING * * *
The adder closely misses you.
You closely miss Natasha.
Natasha is moderately wounded.
You barely miss the adder.
Natasha casts a spell.
The adder barely misses you. Natasha barely misses you.
Unknown command.
It was a potion of magic.
Magic courses through your body. You block the adder's attack.
The adder misses you. Natasha casts a spell at you. The magic dart hits you.
You die...

#....... #...≈≈≈
#....... . ...≈≈≈
#....... .. ...≈≈
#......) #..## #..≈
#....... ##...###..
#....... .......#.#
#...#### #.....?#####
###.###
#.@.....######.÷.##
#..hS.###...........#
##...5.#######.......
#.#.#... #.......
...#.#..#. ##.......
##..#.....
.##........ ..
###.#.............
... >.....#....÷...
#............


You could see Natasha, a crimson imp (summoned) and an adder.

Vanquished Creatures
  2 adders (D:2)
  A dart slug (D:1)
  2 ball pythons
  7 bats
  6 endoplasms
  11 giant cockroaches (D:2)
  4 goblins
  7 hobgoblins
  4 jackals (D:1)
  2 quokkas (D:1)
  3 frilled lizards
  6 kobolds
  4 rats
59 creatures vanquished.

Notes
Turn   | Place    | Note
-------+----------+-------------------------------------------
     0 | D:1      | SensoryNuts the Draconian Fighter began the quest for the
                  | Orb.
     0 | D:1      | Reached XP level 1. HP: 19/19 MP: 1/1
   142 | D:1      | Reached XP level 2. HP: 25/26 MP: 2/2
   366 | D:1      | Reached XP level 3. HP: 20/31 MP: 3/3
   828 | D:2      | Found a faded altar of an unknown god.
  1094 | D:2      | Found a sparkling altar of Nemelex Xobeh.
  1165 | D:2      | Reached XP level 4. HP: 27/40 MP: 4/4
  1345 | D:2      | Noticed Natasha
  1358 | D:2      | Killed from afar by Natasha

Illustrated notes

Levels and vault maps discovered:
D:1:      wander_arrival_peaceful_grave, layout_rooms, minmay_octomino_j4
D:2:      minmay_roachtagon, layout_rooms, serial_shops, nicolae_lakefront_shop,
          ebering_ecumenical_altar_mist, basic_altar, lemuel_old_faithful,
          uniq_natasha

Skill      XL: |  1  2  3 |
---------------+----------+-----
Dodging        | 3 |  3.1
Axes           | 3 |  3.5
Fighting       | |  3.6
Stealth        | |  0.1
Shields        | |  3.3

Action                   |  1- 3 |  4- 6 || total
-------------------------+-------+-------++-------
Melee: War axe           |   118 |    35 ||   153
       Tailslap          |    13 |     2 ||    15
  Use: Potion            |       |     2 ||     2
Armor: Skin              |    58 |    15 ||    73
Dodge: Dodged            |   105 |    29 ||   134
Block: Buckler           |    33 |     7 ||    40

Table legend: (Time is in decaauts)
 A = Elapsed time spent in this place.
 B = Non-inter-level travel time spent in this place.
 C = Inter-level travel time spent in this place.
 D = Time resting spent in this place.
 E = Time spent auto-exploring this place.
 F = Levels seen in this place.
 G = Mean time per level.
                   A        B        C        D        E       F      G
               +--------+--------+--------+--------+--------+-----+--------+
         Total |   1420 |   1389 |     31 |      0 |   1058 |   2 |  710.0 |
       Dungeon |   1420 |   1389 |     31 |      0 |   1058 |   2 |  710.0 |
               +--------+--------+--------+--------+--------+-----+--------+

Top non-repeatable levels by time:
     D:1: 862 daAuts
     D:2: 557 daAuts
